HSSL
JEFFERSONVILLE-YOUNGSVILLE CENTRAL HS TROJANS @ H.H. DOW HS CHARGERS
04/30/2030
 
TOP OF THE 1ST
Jeffersonville-Youngsville Central HS Trojans batting - Pitching for H.H. Dow HS Chargers : RHP John Meyers
Pitching: RHP John Meyers
Batting: LHB Tony Chávez 0-0: Ground out 6-3 (Groundball, 6)
Batting: RHB Bob Perkins 0-0: Called Strike
0-1: Ball
1-1: Foul Ball, location: 2F
1-2: Strikes out swinging
Batting: RHB Glenn Brooks 0-0: Called Strike
0-1: Called Strike
0-2: Strikes out swinging
Top of the 1st over - 0 runs, 0 hits, 0 errors, 0 left on base; Jeffersonville-Youngsville Central HS 0 - H.H. Dow HS 0
BOTTOM OF THE 1ST
H.H. Dow HS Chargers batting - Pitching for Jeffersonville-Youngsville Central HS Trojans : RHP Claudio López
Pitching: RHP Claudio López
Batting: SHB Bob Erwin 0-0: Ball
1-0: Foul Ball, location: 2F
1-1: Ball
2-1: Ball
3-1: Foul Ball, location: 2F
3-2: Fly out, F9 (Flyball, 9D)
Batting: LHB César Martínez 0-0: Called Strike
0-1: Ball
1-1: Ball
2-1: Foul Ball, location: 2F
2-2: Ball
3-2: Base on Balls
Batting: RHB Don Bailey 0-0: Ball
1-0: Fielders Choice at 2nd, 6-4 (Groundball, 6)
Batting: RHB Daniel Webb 0-0: Called Strike
0-1: SINGLE (Line Drive, 8LS)
Don Bailey to second
Runner from 2nd tries for 3rd, SAFE, no throw
Batting: RHB Lee Kestle 0-0: Ball
1-0: Ball
2-0: Fielders Choice at 2nd, 6-4 (Groundball, 6)
Bottom of the 1st over - 0 runs, 1 hit, 0 errors, 2 left on base; Jeffersonville-Youngsville Central HS 0 - H.H. Dow HS 0
TOP OF THE 2ND
Jeffersonville-Youngsville Central HS Trojans batting - Pitching for H.H. Dow HS Chargers : RHP John Meyers
Batting: LHB Steve Parker 0-0: Ball
1-0: Swinging Strike
1-1: Swinging Strike
1-2: Ball
2-2: Ball
3-2: Ground out 4-3 (Groundball, 4)
Batting: LHB Ed Williams 0-0: Ball
1-0: Ball
2-0: Swinging Strike
2-1: Swinging Strike
2-2: Strikes out looking
Batting: RHB Howard Gunther 0-0: Ground out 4-3 (Groundball, 4)
Top of the 2nd over - 0 runs, 0 hits, 0 errors, 0 left on base; Jeffersonville-Youngsville Central HS 0 - H.H. Dow HS 0
BOTTOM OF THE 2ND
H.H. Dow HS Chargers batting - Pitching for Jeffersonville-Youngsville Central HS Trojans : RHP Claudio López
Batting: RHB Edward Baker 0-0: Ball
1-0: Ball
2-0: Foul Ball, location: 2F
2-1: SINGLE (Groundball, 6MD)
Batting: SHB Pete Thomas 0-0: Ball
Wild Pitch!
Edward Baker to second
1-0: Ball
2-0: Foul Ball, location: 2F
2-1: Fly out, F4 (Line Drive, 4)
Batting: RHB Dave Carter 0-0: Ball
1-0: Fly out, F8 (Flyball, 78M)
Batting: RHB Dave Jackson 0-0: Ball
1-0: Ball
2-0: Foul Ball, location: 2F
2-1: Ball
Passed Ball!
Edward Baker to third
3-1: SINGLE (Flyball, 6D)
Edward Baker scores
Batting: SHB Bob Erwin 0-0: Called Strike
0-1: Ball
1-1: SINGLE (Line Drive, 89S)
Dave Jackson to second
Runner from 2nd tries for 3rd, SAFE, no throw
Pinch Runner at 3rd Samuel Benoit:
Batting: LHB César Martínez 0-0: Swinging Strike
0-1: Called Strike
0-2: Ball
1-2: SINGLE (Groundball, 4MD)
Samuel Benoit scores
Bob Erwin to second
Runner from 2nd tries for 3rd, OUT!
Bottom of the 2nd over - 2 runs, 4 hits, 0 errors, 1 left on base; Jeffersonville-Youngsville Central HS 0 - H.H. Dow HS 2
TOP OF THE 3RD
Jeffersonville-Youngsville Central HS Trojans batting - Pitching for H.H. Dow HS Chargers : RHP John Meyers
Now in LF: Samuel Benoit
Batting: RHB Jeff Valentine 0-0: Ball
1-0: Ball
2-0: Ball
3-0: Base on Balls
Batting: RHB John Goudie 0-0: Called Strike
0-1: Foul Ball, location: 2F
0-2: Ball
1-2: Foul Ball, location: 2F
1-2: Ball
2-2: Foul Ball, location: 2F
2-2: Ball
3-2: Strikes out swinging
Batting: RHB Myron Preston 0-0: Called Strike
0-1: Ball
1-1: Foul Ball, location: 2F
1-2: Strikes out swinging
Batting: LHB Tony Chávez 0-0: Foul Ball, location: 2F
0-1: Ball
1-1: Called Strike
1-2: Strikes out swinging
Top of the 3rd over - 0 runs, 0 hits, 0 errors, 1 left on base; Jeffersonville-Youngsville Central HS 0 - H.H. Dow HS 2
BOTTOM OF THE 3RD
H.H. Dow HS Chargers batting - Pitching for Jeffersonville-Youngsville Central HS Trojans : RHP Claudio López
Batting: RHB Don Bailey 0-0: Called Strike
0-1: Ball
1-1: Ball
2-1: Foul Ball, location: 2F
2-2: Foul Ball, location: 2F
2-2: Ball
3-2: Fly out, F6 (Popup, 6M)
Batting: RHB Daniel Webb 0-0: Ball
1-0: Swinging Strike
1-1: Ball
2-1: Ball
3-1: Foul Ball, location: 2F
3-2: Base on Balls
Batting: RHB Lee Kestle 0-0: Called Strike
Daniel Webb steals 2nd base
0-1: Swinging Strike
0-2: Ball
1-2: Ball
2-2: Fly out, F7 (Flyball, 7S)
Batting: RHB Edward Baker 0-0: Foul Ball, location: 2F
0-1: Ball
1-1: Swinging Strike
1-2: Fly out, F3 (Line Drive, 34)
Bottom of the 3rd over - 0 runs, 0 hits, 0 errors, 1 left on base; Jeffersonville-Youngsville Central HS 0 - H.H. Dow HS 2
TOP OF THE 4TH
Jeffersonville-Youngsville Central HS Trojans batting - Pitching for H.H. Dow HS Chargers : RHP John Meyers
Batting: RHB Bob Perkins 0-0: Ball
1-0: Swinging Strike
1-1: Swinging Strike
1-2: Strikes out swinging
Batting: RHB Glenn Brooks 0-0: Swinging Strike
0-1: Ball
1-1: Called Strike
1-2: Fly out, F7 (Flyball, 7S)
Batting: LHB Steve Parker 0-0: Called Strike
0-1: Called Strike
0-2: Foul Ball, location: 2F
0-2: Foul Ball, location: 2F
0-2: Strikes out swinging
Top of the 4th over - 0 runs, 0 hits, 0 errors, 0 left on base; Jeffersonville-Youngsville Central HS 0 - H.H. Dow HS 2
BOTTOM OF THE 4TH
H.H. Dow HS Chargers batting - Pitching for Jeffersonville-Youngsville Central HS Trojans : RHP Claudio López
Batting: SHB Pete Thomas 0-0: Ball
1-0: Ball
2-0: Ball
3-0: Base on Balls
Batting: RHB Dave Carter 0-0: Ball
1-0: Called Strike
1-1: Ball
2-1: Called Strike
2-2: Ball
3-2: Foul Ball, location: 2F
3-2: Base on Balls
Pete Thomas to second
Batting: RHB Samuel Benoit 0-0: Ball
1-0: Foul Ball, location: 2F
1-1: Ball
2-1: Grounds into double play, 6-4-3 (Groundball, 6)
Pete Thomas to third
Batting: SHB Bob Erwin 0-0: Foul Ball, location: 2F
0-1: Ball
1-1: Ball
2-1: Called Strike
2-2: Ball
3-2: Foul Ball, location: 2F
3-2: Base on Balls
Pitching: RHP Phil Rivera
Batting: LHB César Martínez 0-0: Fielders Choice at 2nd, 5-4 (Groundball, 5)
Bottom of the 4th over - 0 runs, 0 hits, 0 errors, 2 left on base; Jeffersonville-Youngsville Central HS 0 - H.H. Dow HS 2
TOP OF THE 5TH
Jeffersonville-Youngsville Central HS Trojans batting - Pitching for H.H. Dow HS Chargers : RHP John Meyers
Batting: LHB Ed Williams 0-0: Called Strike
0-1: Ball
1-1: Foul Ball, location: 2F
1-2: Foul Ball, location: 2F
1-2: DOUBLE (Line Drive, 78D)
Batting: RHB Howard Gunther 0-0: Ball
1-0: Foul Ball, location: 2F
1-1: Ball
2-1: Ball
3-1: Base on Balls
Batting: RHB Jeff Valentine 0-0: Fly out, F8 (Flyball, 8LD)
Batting: RHB John Goudie 0-0: Ball
1-0: Swinging Strike
1-1: Swinging Strike
1-2: Ball
2-2: Ball
3-2: Grounds into double play, 3-6-3 (Groundball, 34)
Top of the 5th over - 0 runs, 1 hit, 0 errors, 1 left on base; Jeffersonville-Youngsville Central HS 0 - H.H. Dow HS 2
BOTTOM OF THE 5TH
H.H. Dow HS Chargers batting - Pitching for Jeffersonville-Youngsville Central HS Trojans : RHP Phil Rivera
Batting: RHB Don Bailey 0-0: SOLO HOME RUN (Flyball, 7LD), Distance : 358 ft
Batting: RHB Daniel Webb 0-0: Called Strike
0-1: Ball
1-1: Fly out, F8 (Flyball, 8LD)
Batting: RHB Lee Kestle 0-0: Ball
1-0: Foul Ball, location: 2F
1-1: Ball
2-1: Called Strike
2-2: Ball
3-2: Base on Balls
Batting: RHB Edward Baker 0-0: Swinging Strike
0-1: Called Strike
0-2: Strikes out swinging
Batting: SHB Pete Thomas 0-0: Ball
1-0: Ball
2-0: Called Strike
2-1: Foul Ball, location: 2F
2-2: Foul Ball, location: 2F
2-2: Ball
3-2: Foul Ball, location: 2F
3-2: Fly out, F8 (Flyball, 78D)
Bottom of the 5th over - 1 run, 1 hit, 0 errors, 1 left on base; Jeffersonville-Youngsville Central HS 0 - H.H. Dow HS 3
TOP OF THE 6TH
Jeffersonville-Youngsville Central HS Trojans batting - Pitching for H.H. Dow HS Chargers : RHP John Meyers
Batting: RHB Myron Preston 0-0: Swinging Strike
0-1: Swinging Strike
0-2: Foul Ball, location: 2F
0-2: Strikes out swinging
Batting: LHB Tony Chávez 0-0: Ball
1-0: Ball
2-0: Swinging Strike
2-1: Foul Ball, location: 2F
2-2: Foul Ball, location: 2F
2-2: Strikes out looking
Batting: RHB Bob Perkins 0-0: Ball
1-0: Ball
2-0: Ground out 4-3 (Groundball, 4)
Top of the 6th over - 0 runs, 0 hits, 0 errors, 0 left on base; Jeffersonville-Youngsville Central HS 0 - H.H. Dow HS 3
BOTTOM OF THE 6TH
H.H. Dow HS Chargers batting - Pitching for Jeffersonville-Youngsville Central HS Trojans : RHP Phil Rivera
Batting: RHB Dave Carter 0-0: Ball
1-0: Called Strike
1-1: Ball
2-1: SINGLE (Groundball, 6MD)
Batting: RHB Samuel Benoit 0-0: Ball
1-0: Called Strike
1-1: SINGLE (Line Drive, 5D)
Dave Carter to second
Batting: SHB Bob Erwin 0-0: Swinging Strike
0-1: Foul Ball, location: 2F
0-2: Strikes out swinging
Batting: LHB César Martínez 0-0: Ball
1-0: SINGLE (Groundball, 34D)
Dave Carter to third
Samuel Benoit to second
Batting: RHB Don Bailey 0-0: Ball
1-0: Ball
2-0: SINGLE (Line Drive, 6MD)
Dave Carter scores
Samuel Benoit to third
César Martínez to second
Runner from 3rd tries for Home, SAFE, no throw
Pitching: LHP Gil LaSalle
Batting: RHB Daniel Webb 0-0: Fly out, F3 (Line Drive, 3)
Batting: RHB Lee Kestle 0-0: Called Strike
0-1: Ball
1-1: Foul Ball, location: 2F
1-2: Ball
2-2: Strikes out looking
Bottom of the 6th over - 2 runs, 4 hits, 0 errors, 2 left on base; Jeffersonville-Youngsville Central HS 0 - H.H. Dow HS 5
TOP OF THE 7TH
Jeffersonville-Youngsville Central HS Trojans batting - Pitching for H.H. Dow HS Chargers : RHP John Meyers
Pitching: RHP Jeremy Wilson
Batting: RHB Glenn Brooks 0-0: Foul Ball, location: 2F
0-1: Swinging Strike
0-2: Ball
1-2: Ball
2-2: Foul Ball, location: 2F
2-2: Ball
3-2: SINGLE (Groundball, 4D)
Batting: LHB Steve Parker 0-0: Called Strike
0-1: Swinging Strike
0-2: Grounds into double play, 1-6-3 (Groundball, 13S)
Batting: LHB Ed Williams 0-0: Ball
1-0: Fly out, F9 (Flyball, 9)
Top of the 7th over - 0 runs, 1 hit, 0 errors, 0 left on base; Jeffersonville-Youngsville Central HS 0 - H.H. Dow HS 5
BOTTOM OF THE 7TH
H.H. Dow HS Chargers batting - Pitching for Jeffersonville-Youngsville Central HS Trojans : LHP Gil LaSalle
Batting: RHB Edward Baker 0-0: Foul Ball, location: 2F
0-1: Ball
1-1: Foul Ball, location: 2F
1-2: Fly out, F8 (Flyball, 8LM)
Batting: SHB Pete Thomas 0-0: Ball
1-0: Foul Ball, location: 2F
1-1: Called Strike
1-2: Ball
2-2: Ball
3-2: SINGLE (Flyball, 7LS)
Batting: RHB Dave Carter 0-0: Ball
1-0: Foul Ball, location: 2F
1-1: Foul Ball, location: 2F
1-2: Foul Ball, location: 2F
1-2: Fly out, F8 (Flyball, 8RD)
Batting: RHB Samuel Benoit 0-0: Called Strike
0-1: Called Strike
0-2: Ball
1-2: SINGLE (Groundball, 6MD)
Pete Thomas to second
Runner from 2nd tries for 3rd, SAFE, no throw
Batting: SHB Bob Erwin 0-0: Called Strike
0-1: Ball
1-1: Ball
2-1: Ball
3-1: Fly out, F8 (Flyball, 8LD)
Bottom of the 7th over - 0 runs, 2 hits, 0 errors, 2 left on base; Jeffersonville-Youngsville Central HS 0 - H.H. Dow HS 5
TOP OF THE 8TH
Jeffersonville-Youngsville Central HS Trojans batting - Pitching for H.H. Dow HS Chargers : RHP Jeremy Wilson
Batting: RHB Howard Gunther 0-0: Ball
1-0: Ball
2-0: Called Strike
2-1: Ball
3-1: Base on Balls
Batting: RHB Jeff Valentine 0-0: Called Strike
0-1: Ball
1-1: Ball
2-1: Foul Ball, location: 2F
2-2: Ball
3-2: DOUBLE (Line Drive, 7LD)
Howard Gunther to third
Batting: RHB John Goudie 0-0: Fly out, F7 (Flyball, 78D)
Runner from 3rd tags up, OUT at HOME
Jeff Valentine to third
Batting: RHB Myron Preston 0-0: Ball
1-0: Called Strike
1-1: Called Strike
1-2: Strikes out looking
Top of the 8th over - 0 runs, 1 hit, 0 errors, 1 left on base; Jeffersonville-Youngsville Central HS 0 - H.H. Dow HS 5
BOTTOM OF THE 8TH
H.H. Dow HS Chargers batting - Pitching for Jeffersonville-Youngsville Central HS Trojans : LHP Gil LaSalle
Batting: LHB César Martínez 0-0: Ball
1-0: Foul Ball, location: 2F
1-1: SINGLE (Line Drive, 34)
Batting: RHB Don Bailey 0-0: Foul Ball, location: 2F
0-1: Ball
1-1: Ball
2-1: Foul Ball, location: 2F
2-2: Foul Ball, location: 2F
2-2: Fly out, F7 (Flyball, 7LM)
Pitching: RHP Harry Rodgers
Batting: RHB Daniel Webb 0-0: Ball
1-0: Called Strike
1-1: Ball
2-1: Called Strike
2-2: Strikes out swinging
Batting: RHB Lee Kestle 0-0: Ball
1-0: Ball
2-0: Called Strike
2-1: Foul Ball, location: 2F
2-2: Strikes out swinging
Bottom of the 8th over - 0 runs, 1 hit, 0 errors, 1 left on base; Jeffersonville-Youngsville Central HS 0 - H.H. Dow HS 5
TOP OF THE 9TH
Jeffersonville-Youngsville Central HS Trojans batting - Pitching for H.H. Dow HS Chargers : RHP Jeremy Wilson
Batting: LHB Tony Chávez 0-0: Ball
1-0: Ball
2-0: Ball
3-0: Called Strike
3-1: Foul Ball, location: 2F
3-2: Foul Ball, location: 2F
3-2: Base on Balls
Batting: RHB Bob Perkins 0-0: Ball
1-0: Ball
2-0: Swinging Strike
2-1: Fielders Choice at 2nd, 4-6 (Groundball, 4M)
Batting: RHB Glenn Brooks 0-0: Ball
1-0: Called Strike
1-1: Fly out, F9 (Flyball, 89M)
Batting: LHB Steve Parker 0-0: Ball
1-0: Ball
2-0: Foul Ball, location: 2F
2-1: Ball
3-1: Ground out U3 (Groundball, 34)
Top of the 9th over - 0 runs, 0 hits, 0 errors, 1 left on base; Jeffersonville-Youngsville Central HS 0 - H.H. Dow HS 5
Saturday, April 7th, 2018 - OOTP Baseball 18.8 Build 76